AoeStats
← MagicoMaravilla

Arabia

503322273Analyzed
2v2 RM · 1mo ago on Aug 31, 2026· 48m 59s· 4 players
Game mode
Random Map
Map size
Medium (4 player)
Population
200
Speed
Normal
Resources
Standard
Victory
Conquest
Starting age
Dark Age
Ending age
Imperial Age
RankedLock teamsTeams togetherTeam positionsShared explorationLock speedFull tech treeHidden civsTurbo modeCheats
Victory
Defeat
🇮🇳 Britons · India
678
+15
🇺🇸 Vietnamese · United States
594
+19
🇦🇷 Byzantines · Argentina
681
-18
🇦🇷 Teutons · Argentina
642
-16
XLeopoldo83X
0:38 Loom
12:03 Feudal Age
23:34 Castle Age
22:02 Double-Bit Axe
22:02 Horse Collar
23:47 Scale Mail Armor
29:17 Fletching
38:41 Forging
MagicoMaravilla
9:42 Feudal Age
7:57 Loom
13:51 Scale Barding Armor
21:15 Castle Age
19:23 Double-Bit Axe
21:07 Fletching
21:18 Padded Archer Armor
21:09 Horse Collar
22:46 Wheelbarrow
24:51 Elite Skirmisher
25:47 Pikeman
33:36 Imperial Age
31:52 Ballistics
33:36 Leather Archer Armor
33:16 Bodkin Arrow
36:22 Bow Saw
36:33 Hand Cart
38:23 Bracer
38:44 Chain Barding Armor
50:01 Chemistry
48:57 Murder Holes
< parchai>
12:13 Feudal Age
13:24 Double-Bit Axe
20:13 Horse Collar
22:22 Fletching
25:50 Padded Archer Armor
34:55 Castle Age
34:49 Gold Mining
35:01 Crossbowman
35:49 Bodkin Arrow
36:22 Leather Archer Armor
36:05 Pikeman
45:26 Light Cavalry
47:21 Scale Mail Armor
47:26 Scale Barding Armor
8FOX
0:38 Loom
13:07 Feudal Age
14:26 Wheelbarrow
13:37 Town Watch
13:53 Double-Bit Axe
19:57 Stone Mining
24:11 Castle Age
25:23 Hand Cart
25:47 Bow Saw
25:46 Horse Collar
27:59 Town Patrol
27:42 Pikeman
31:35 Squires
32:26 Stone Shaft Mining
31:42 Gold Mining
34:55 Caravan
39:45 Imperial Age
37:29 Forging
37:10 Fletching
37:20 Padded Archer Armor
37:20 Scale Mail Armor
37:27 Scale Barding Armor
37:23 Light Cavalry
38:14 Bloodlines
38:04 Husbandry
38:15 Man-at-Arms
38:42 Arson
39:16 Elite Skirmisher
41:43 Two-Man Saw
40:25 Imperial Skirmisher
40:37 Halberdier
43:14 Chemistry
41:55 Treadmill Crane
42:46 Paper Money
42:45 Guilds
42:37 Bodkin Arrow
42:58 Chain Mail Armor
42:47 Heavy Plow
44:54 Cavalier
47:33 Crossbowman
Connection lost

Rejoining the realm…

Still unreachable

The connection could not be restored.

Session expired

The server has moved on; the page needs a fresh start.